Stars vs Penguins (R1)

Created - April 8, 2021 at 19:24

Goals
1 2 3 OT1 SO T
Stars 0 2 0 0 1 3
Penguins 1 1 0 0 0 2
Shots
1 2 3 OT1 SO T
Stars 8 12 4 1 3 25
Penguins 14 11 11 2 3 38

1st period

1. Penguins , Teuvo Teravainen 19 (Andrew Cogliano 49) at 15:10 (PP)

Penalties :
John Tavares (Dal) for Interference (Minor) at 4:30, Brian Lee (Dal) for Tripping (Minor) at 11:59, B.J. Crombeen (Dal) for Hooking (Minor) at 14:40, Cory Emmerton (Dal) for Hooking (Minor) at 18:08

2nd period

2. Penguins , Steven Stamkos 51 (Nikita Kucherov 44, Jason Zucker 13) at 1:42
3. Stars , Guillaume Latendresse 42 (Brian Lee 55, John Tavares 81) at 5:51 (PP)
4. Stars , Guillaume Latendresse 43 (John Tavares 82) at 13:04 (PP)

Penalties :
Gilbert Brule (Pit) for Roughing (Minor) at 2:19, Marcus Foligno (Pit) for Boarding (Minor) at 5:43, Keith Aulie (Pit) for Interference (Minor) at 13:00, Antoine Vermette (Dal) for Roughing (Minor) at 16:06

3rd period

No Goal

Penalties :
Jussi Jokinen (Dal) for Roughing (Minor) at 6:32, Jean-Gabriel Pageau (Pit) for Diving (Minor) at 12:48, Alexander Frolov (Dal) for Roughing (Double Minor) at 15:25

Overtime #1

No Goal

Penalties :
No Penalty

Shootout

Stars, John Tavares - Shot Misses the Net
Penguins, Nikita Kucherov - Stopped by Cory Schneider
Stars, Guillaume Latendresse - Goal!
Penguins, Steven Stamkos - Shot Misses the Net
Stars, Jussi Jokinen - Stopped by Sergei Bobrovsky
Penguins, Andrew Cogliano - Stopped by Cory Schneider

Penalties :
No Penalty

Goalie Stats

Cory Schneider (Dal), 36 saves from 38 shots - (0.947), W, 29-16-2, 65:00 minutes
Sergei Bobrovsky (Pit), 23 saves from 25 shots - (0.920), OTL, 2-5-2, 65:00 minutes

Players Stats for Stars

Player Name              G  A  P  +/- PIM S  H  SB GA TA FO     MP     PP MP  PK MP  
------------------------------------------------------------------------------------
Alex Chiasson            0  0  0  -1  0   2  0  0  0  0  0/1    13:07   1:53   0:00 
Alexander Frolov         0  0  0   0  4   0  0  0  0  0  0/0    11:32   0:29   1:11 
Antoine Vermette         0  0  0  -1  2   3  2  2  0  1  5/11   15:43   1:53   1:42 
B.J. Crombeen            0  0  0   0  2   1  0  0  1  0  0/0     7:50   0:07   0:00 
Boris Valabik            0  0  0   0  0   0  3  1  0  0  0/0    23:19   1:30   6:27 
Brian Lee                0  1  1   0  2   1  0  2  2  1  0/0    30:17   2:40   7:07 
Cam Atkinson             0  0  0   0  0   2  0  0  0  0  0/0     5:27   0:00   0:00 
Cory Emmerton            0  0  0   0  2   1  1  0  0  0  5/8     9:51   0:24   0:00 
Evgeny Grachev           0  0  0   0  0   1  0  1  0  0  1/5    10:53   0:04   3:34 
Guillaume Latendresse    2  0  2   0  0   5  1  0  0  0  0/1    26:42   1:56   7:06 
Ian White                0  0  0   0  0   3  2  5  0  0  0/0    31:25   2:40   8:29 
John Tavares             0  2  2   0  2   3  2  0  1  0  20/35  26:14   1:55   6:36 
Jussi Jokinen            0  0  0  -1  2   0  0  1  0  1  1/3    19:46   1:53   3:48 
Michael Grabner          0  0  0   0  0   1  0  0  0  0  0/1    22:06   1:51   4:19 
Paul Ladue               0  0  0  -1  0   0  0  1  0  1  0/0    11:38   0:00   0:50 
Shane O'Brien            0  0  0   0  0   2  1  0  1  1  0/0    23:18   1:30   5:44 
Ted Purcell              0  0  0   0  0   0  0  0  0  0  0/0     6:04   0:05   0:32 
Tyson Barrie             0  0  0  -1  0   0  0  1  0  0  0/0    10:17   0:00   0:11 

Players Stats for Penguins

Player Name              G  A  P  +/- PIM S  H  SB GA TA FO     MP     PP MP  PK MP  
------------------------------------------------------------------------------------
Andrew Cogliano          0  1  1   0  0   1  0  1  1  0  0/0    22:05   6:20   2:20 
Cal Clutterbuck          0  0  0   0  0   4  1  0  0  0  1/1     6:16   0:00   0:33 
Danny DeKeiser           0  0  0   0  0   0  0  1  0  0  0/0    12:38   0:00   1:34 
Gilbert Brule            0  0  0   0  2   5  0  2  0  1  9/13   19:23   6:20   0:17 
Jake McCabe              0  0  0   0  0   2  1  2  0  0  0/0    18:08   6:15   0:07 
Jason Zucker             0  1  1   1  0   1  3  0  0  0  2/5    20:48   6:58   0:00 
Jean-Gabriel Pageau      0  0  0   0  2   2  2  0  0  0  3/6    11:57   1:19   0:25 
Jeff Schultz             0  0  0   0  0   0  1  1  0  0  0/0    17:36   1:03   2:36 
Jeff Skinner             0  0  0   0  0   1  0  0  0  1  0/0     9:59   0:00   0:00 
Jeff Tambellini          0  0  0   0  0   0  1  0  0  0  0/0     9:31   1:06   1:14 
Joe Colborne             0  0  0   0  0   2  0  0  0  0  2/3     6:42   0:00   0:59 
Keith Aulie              0  0  0   0  2   1  1  0  0  2  0/0    21:25   7:46   0:00 
Marcus Foligno           0  0  0   0  2   0  3  0  1  0  0/0    11:30   1:07   0:00 
Nikita Kucherov          0  1  1   1  0   4  3  0  0  0  1/1    23:23   7:03   0:00 
Sean Zimmerman           0  0  0   1  0   2  1  2  0  0  0/0    30:09   5:58   2:29 
Shea Weber               0  0  0   1  0   4  1  3  2  0  0/0    30:03   7:46   1:34 
Steven Stamkos           1  0  1   1  0   7  2  0  0  0  13/32  26:11   6:45   2:32 
Teuvo Teravainen         1  0  1   0  0   2  1  0  1  1  2/4    18:02   6:14   0:00 

3 Stars

1 - Guillaume Latendresse (Dal)
2 - Cory Schneider (Dal)
3 - Steven Stamkos (Pit)

Power Play

Stars - 2 on 4 Attempt(s) - 50.00%
Penguins - 1 on 8 Attempt(s) - 12.50%

Penalty Kill

Stars - 7 on 8 Attempt(s) - 87.50% - Score 0 goal in Penalty Kill
Penguins - 2 on 4 Attempt(s) - 50.00% - Score 0 goal in Penalty Kill

Team Stat

Stars - Hits : 12 - Faceoff Wins : 32 - Blocked Shots : 14 - Penalty Minutes : 16
Penguins - Hits : 21 - Faceoff Wins : 33 - Blocked Shots : 12 - Penalty Minutes : 8

Official

Referees : Unknown
Linesman : Unknown

Game Notes

No Game Note

Finance

Level 1 -- Attendance: 4437 (73.95%) -- Ticket Income $532,440
Level 2 -- Attendance: 4102 (82.04%) -- Ticket Income $287,140
Level 3 -- Attendance: 1546 (77.30%) -- Ticket Income $69,570
Level 4 -- Attendance: 2665 (66.63%) -- Ticket Income $93,275
Luxury Box -- Attendance: 791 (79.10%) -- Ticket Income $158,200
Game was played at the Igloo.
Total Attendance: 13541 (75.23%)
Total Ticket Income: $1,140,625
Other Income: $171,094
Total Income: $1,311,719

Stars

5 vs 5 Forward 
   Center                   Left Wing                Right Wing               Time % Phy DF OF 
 1 John Tavares             Guillaume Latendresse    Michael Grabner          40     1   2  2  
 2 Antoine Vermette         Jussi Jokinen            Alex Chiasson            30     1   2  2  
 3 Cory Emmerton            Alexander Frolov         B.J. Crombeen            20     1   2  2  
 4 Evgeny Grachev           Ted Purcell              Cam Atkinson             10     1   2  2  

5 vs 5 Defense 
   Defense                  Defense                                           Time % Phy DF OF 
 1 Ian White                Brian Lee                                         40     1   2  2  
 2 Shane O'Brien            Boris Valabik                                     30     1   2  2  
 3 Tyson Barrie             Paul Ladue                                        20     1   2  2  
 4 Ian White                Brian Lee                                         10     1   2  2  

PowerPlay Forward 
   Center                   Left Wing                Right Wing               Time % Phy DF OF 
 1 John Tavares             Guillaume Latendresse    Michael Grabner          60     0   1  4  
 2 Antoine Vermette         Jussi Jokinen            Alex Chiasson            40     0   1  4  

PowerPlay Defense
   Defense                  Defense                                           Time % Phy DF OF 
 1 Ian White                Brian Lee                                         60     0   1  4  
 2 Shane O'Brien            Boris Valabik                                     40     0   1  4  

Penalty Kill 4 Players Forward 
   Center                   Wing                     Time % Phy DF OF 
 1 John Tavares             Guillaume Latendresse    60     0   3  2  
 2 Jussi Jokinen            Michael Grabner          40     0   3  2  

Penalty Kill 4 Players Defense
   Defense                  Defense                  Time % Phy DF OF 
 1 Ian White                Brian Lee                60     0   3  2  
 2 Shane O'Brien            Boris Valabik            40     0   3  2  

Penalty Kill - 3 Players Forward 
   Forward                                           Time % Phy DF OF 
 1 John Tavares                                      60     0   3  2  
 2 Guillaume Latendresse                             40     0   3  2  

Penalty Kill - 3 Players Defense
   Defense                  Defense                  Time % Phy DF OF 
 1 Ian White                Brian Lee                60     0   3  2  
 2 Shane O'Brien            Boris Valabik            40     0   3  2  

4 vs 4 Forward 
   Center                   Wing                     Time % Phy DF OF 
 1 John Tavares             Guillaume Latendresse    60     0   2  3  
 2 Jussi Jokinen            Michael Grabner          40     0   2  3  

4 vs 4 Defense
   Defense                  Defense                  Time % Phy DF OF 
 1 Ian White                Brian Lee                60     0   2  3  
 2 Shane O'Brien            Boris Valabik            40     0   2  3  

Last Minutes Offensive
   Center                   Left Wing                Right Wing               Defense                  Defense                  
   John Tavares             Guillaume Latendresse    Michael Grabner          Ian White                Brian Lee                

Last Minutes Defensive
   Center                   Left Wing                Right Wing               Defense                  Defense                  
   John Tavares             Guillaume Latendresse    Michael Grabner          Ian White                Brian Lee                

Goaltenders
Starting : Cory Schneider           
Backup : Matt Murray              

Extra Forwards
Normal : Jussi Jokinen, Cory Emmerton, Evgeny Grachev - PP : Alexander Frolov, Cory Emmerton - PK : Evgeny Grachev
Extra Defensemen
Normal : Tyson Barrie, Paul Ladue, Shane O'Brien - PP : Tyson Barrie - PK : Paul Ladue, Shane O'Brien
Penalty Shots
John Tavares, Guillaume Latendresse, Jussi Jokinen, Michael Grabner, Antoine Vermette

Scratches
Andrej Sustr (Healthy), Damien Brunner (Healthy)

Penguins

5 vs 5 Forward 
   Center                   Left Wing                Right Wing               Time % Phy DF OF 
 1 Steven Stamkos           Jason Zucker             Nikita Kucherov          40     0   2  3  
 2 Gilbert Brule            Andrew Cogliano          Teuvo Teravainen         30     0   2  3  
 3 Jean-Gabriel Pageau      Jeff Skinner             Marcus Foligno           20     0   2  3  
 4 Joe Colborne             Jeff Tambellini          Cal Clutterbuck          10     0   2  3  

5 vs 5 Defense 
   Defense                  Defense                                           Time % Phy DF OF 
 1 Sean Zimmerman           Shea Weber                                        40     1   2  2  
 2 Jeff Schultz             Keith Aulie                                       30     1   2  2  
 3 Danny DeKeiser           Jake McCabe                                       20     1   2  2  
 4 Sean Zimmerman           Shea Weber                                        10     1   2  2  

PowerPlay Forward 
   Center                   Left Wing                Right Wing               Time % Phy DF OF 
 1 Steven Stamkos           Jason Zucker             Nikita Kucherov          60     0   1  4  
 2 Gilbert Brule            Andrew Cogliano          Teuvo Teravainen         40     0   1  4  

PowerPlay Defense
   Defense                  Defense                                           Time % Phy DF OF 
 1 Shea Weber               Keith Aulie                                       60     0   2  3  
 2 Sean Zimmerman           Jake McCabe                                       40     0   2  3  

Penalty Kill 4 Players Forward 
   Center                   Wing                     Time % Phy DF OF 
 1 Steven Stamkos           Andrew Cogliano          60     1   3  1  
 2 Joe Colborne             Cal Clutterbuck          40     1   3  1  

Penalty Kill 4 Players Defense
   Defense                  Defense                  Time % Phy DF OF 
 1 Sean Zimmerman           Jeff Schultz             60     1   3  1  
 2 Danny DeKeiser           Shea Weber               40     1   3  1  

Penalty Kill - 3 Players Forward 
   Forward                                           Time % Phy DF OF 
 1 Joe Colborne                                      60     1   3  1  
 2 Cal Clutterbuck                                   40     1   3  1  

Penalty Kill - 3 Players Defense
   Defense                  Defense                  Time % Phy DF OF 
 1 Sean Zimmerman           Jeff Schultz             60     1   3  1  
 2 Danny DeKeiser           Shea Weber               40     1   3  1  

4 vs 4 Forward 
   Center                   Wing                     Time % Phy DF OF 
 1 Steven Stamkos           Nikita Kucherov          60     0   2  3  
 2 Gilbert Brule            Andrew Cogliano          40     0   2  3  

4 vs 4 Defense
   Defense                  Defense                  Time % Phy DF OF 
 1 Sean Zimmerman           Shea Weber               60     1   2  2  
 2 Jeff Schultz             Keith Aulie              40     1   2  2  

Last Minutes Offensive
   Center                   Left Wing                Right Wing               Defense                  Defense                  
   Steven Stamkos           Jason Zucker             Nikita Kucherov          Sean Zimmerman           Keith Aulie              

Last Minutes Defensive
   Center                   Left Wing                Right Wing               Defense                  Defense                  
   Steven Stamkos           Andrew Cogliano          Cal Clutterbuck          Sean Zimmerman           Jeff Schultz             

Goaltenders
Starting : Sergei Bobrovsky         
Backup : Michal Neuvirth          

Extra Forwards
Normal : Steven Stamkos, Jeff Skinner, Marcus Foligno - PP : Steven Stamkos, Andrew Cogliano - PK : Joe Colborne
Extra Defensemen
Normal : Sean Zimmerman, Keith Aulie, Jake McCabe - PP : Keith Aulie - PK : Sean Zimmerman, Jeff Schultz
Penalty Shots
Nikita Kucherov, Steven Stamkos, Andrew Cogliano, Gilbert Brule, Jeff Skinner

Scratches
Andreas Martinsen (Healthy), Alexei Marchenko (Healthy), Marian Hossa (Healthy)

% Time on Ice - Stars

Lines # - Real PCT - Wanted PCT - Time Play
Normal Forward
1 - 41% - 40% - 16:58
2 - 28% - 30% - 11:27
3 - 18% - 20% - 7:34
4 - 13% - 10% - 5:27
Normal Defense
1 - 41% - 40% - 16:59
2 - 32% - 30% - 13:21
3 - 23% - 20% - 9:27
4 - 4% - 10% - 1:39
PP Forward
1 - 55% - 60% - 2:17
2 - 45% - 40% - 1:53
PP Defense
1 - 64% - 60% - 2:40
2 - 36% - 40% - 1:30
PK Forward
1 - 70% - 60% - 10:05
2 - 30% - 40% - 4:19
PK Defense
1 - 60% - 60% - 8:41
2 - 40% - 40% - 5:43
PK3 Forward
1 - 0% - 60%
2 - 0% - 40%
PK3 Defense
1 - 0% - 60%
2 - 0% - 40%
44 Forward
1 - 81% - 60% - 4:04
2 - 19% - 40% - 0:56
44 Defense
1 - 60% - 60% - 2:59
2 - 40% - 40% - 2:01
Last Minute Offensive  - 0:00
Last Minute Defensive  - 0:00
Total
Forward - 65:00
Defense - 65:00

% Time on Ice - Penguins

Lines # - Real PCT - Wanted PCT - Time Play
Normal Forward
1 - 38% - 40% - 15:34
2 - 28% - 30% - 11:45
3 - 20% - 20% - 8:24
4 - 14% - 10% - 5:43
Normal Defense
1 - 43% - 40% - 17:40
2 - 31% - 30% - 12:50
3 - 24% - 20% - 10:03
4 - 2% - 10% - 0:53
PP Forward
1 - 56% - 60% - 8:04
2 - 44% - 40% - 6:20
PP Defense
1 - 54% - 60% - 7:46
2 - 46% - 40% - 6:38
PK Forward
1 - 87% - 60% - 3:37
2 - 13% - 40% - 0:33
PK Defense
1 - 62% - 60% - 2:36
2 - 38% - 40% - 1:34
PK3 Forward
1 - 0% - 60%
2 - 0% - 40%
PK3 Defense
1 - 0% - 60%
2 - 0% - 40%
44 Forward
1 - 80% - 60% - 3:59
2 - 20% - 40% - 1:01
44 Defense
1 - 68% - 60% - 3:23
2 - 32% - 40% - 1:37
Last Minute Offensive  - 0:00
Last Minute Defensive  - 0:00
Total
Forward - 65:00
Defense - 65:00

Play-by-Play

1st period


0:01 of 1st period - John Tavares wins face-off versus Steven Stamkos in neutral zone.
0:08 of 1st period - Wrist shot by John Tavares.
0:08 of 1st period - Stopped by Sergei Bobrovsky with a rebound.
0:28 of 1st period - Wrist shot by Michael Grabner.
0:28 of 1st period - Stopped by Sergei Bobrovsky without a rebound.
0:29 of 1st period - Gilbert Brule wins face-off versus Antoine Vermette in Penguins zone.
0:29 of 1st period - Gilbert Brule is hit by Boris Valabik.
1:05 of 1st period - Off-side.
1:06 of 1st period - Cory Emmerton wins face-off versus Jean-Gabriel Pageau in neutral zone.
1:49 of 1st period - Icing by John Tavares.
1:50 of 1st period - John Tavares wins face-off versus Joe Colborne in Stars zone.
2:17 of 1st period - Snap shot by B.J. Crombeen.
2:17 of 1st period - Shot Blocked by Shea Weber.
2:19 of 1st period - Wrist shot by Alexander Frolov.
2:19 of 1st period - Deflect By Cory Emmerton.
2:19 of 1st period - Shot Misses the Net.
2:19 of 1st period - Puck is out of play.
2:20 of 1st period - Jean-Gabriel Pageau wins face-off versus Cory Emmerton in Penguins zone.
2:52 of 1st period - Keith Aulie is hit by John Tavares and loses puck.
3:00 of 1st period - Off-side.
3:01 of 1st period - Gilbert Brule wins face-off versus Antoine Vermette in neutral zone.
3:12 of 1st period - Snap shot by Gilbert Brule.
3:12 of 1st period - Stopped by Cory Schneider with a rebound.
3:16 of 1st period - Snap shot by Andrew Cogliano.
3:16 of 1st period - Shot Blocked by Brian Lee.
3:18 of 1st period - Snap shot by Sean Zimmerman.
3:18 of 1st period - Deflect By Gilbert Brule.
3:18 of 1st period - Stopped by Cory Schneider without a rebound.
3:19 of 1st period - John Tavares wins face-off versus Steven Stamkos in Stars zone.
3:28 of 1st period - Snap shot by Steven Stamkos.
3:28 of 1st period - Shot Blocked by Ian White.
3:30 of 1st period - Wrist shot by Steven Stamkos.
3:30 of 1st period - Shot Misses the Net.
3:32 of 1st period - Wrist shot by Steven Stamkos.
3:32 of 1st period - Stopped by Cory Schneider with a rebound.
3:54 of 1st period - Slapshot by Antoine Vermette.
3:54 of 1st period - Stopped by Sergei Bobrovsky without a rebound.
3:55 of 1st period - Jean-Gabriel Pageau wins face-off versus Evgeny Grachev in Penguins zone.
4:08 of 1st period - Snap shot by Marcus Foligno.
4:08 of 1st period - Deflect By Jean-Gabriel Pageau.
4:08 of 1st period - Stopped by Cory Schneider with a rebound.
4:30 of 1st period - Minor Penalty to John Tavares for Interference.
4:31 of 1st period - Evgeny Grachev wins face-off versus Steven Stamkos in Stars zone.
4:31 of 1st period - Evgeny Grachev is hit by Jason Zucker.
5:18 of 1st period - Snap shot by Michael Grabner.
5:18 of 1st period - Shot Misses the Net.
6:30 of 1st period - Penalty to John Tavares is over, John Tavares is back on ice.
6:42 of 1st period - Slapshot by Brian Lee.
6:42 of 1st period - Stopped by Sergei Bobrovsky with a rebound.
6:58 of 1st period - Slapshot by John Tavares.
6:58 of 1st period - Shot Blocked by Sean Zimmerman.
7:10 of 1st period - Slapshot by Jean-Gabriel Pageau.
7:10 of 1st period - Shot Misses the Net.
7:29 of 1st period - Wrist shot by Antoine Vermette.
7:29 of 1st period - Shot Misses the Net.
7:31 of 1st period - Snap shot by John Tavares.
7:31 of 1st period - Stopped by Sergei Bobrovsky without a rebound.
7:32 of 1st period - Gilbert Brule wins face-off versus Evgeny Grachev in Penguins zone.
8:22 of 1st period - Snap shot by Cal Clutterbuck.
8:22 of 1st period - Stopped by Cory Schneider with a rebound.
8:24 of 1st period - Snap shot by Cal Clutterbuck.
8:24 of 1st period - Shot Misses the Net.
9:06 of 1st period - Sean Zimmerman is hit by John Tavares.
9:23 of 1st period - Slapshot by Evgeny Grachev.
9:23 of 1st period - Shot Misses the Net.
9:25 of 1st period - Wrist shot by Evgeny Grachev.
9:25 of 1st period - Stopped by Sergei Bobrovsky without a rebound.
9:26 of 1st period - Jean-Gabriel Pageau wins face-off versus Evgeny Grachev in Penguins zone.
9:35 of 1st period - Wrist shot by Cam Atkinson.
9:35 of 1st period - Stopped by Sergei Bobrovsky with a rebound.
9:51 of 1st period - Alexander Frolov is hit by Nikita Kucherov and loses puck.
10:03 of 1st period - Off-side.
10:04 of 1st period - Gilbert Brule wins face-off versus Jussi Jokinen in neutral zone.
10:33 of 1st period - Backhand shot by John Tavares.
10:33 of 1st period - Deflect By Steven Stamkos.
10:33 of 1st period - Shot Misses the Net.
10:33 of 1st period - Puck is out of play.
10:34 of 1st period - John Tavares wins face-off versus Steven Stamkos in Penguins zone.
10:35 of 1st period - Wrist shot by Guillaume Latendresse.
10:35 of 1st period - Stopped by Sergei Bobrovsky with a rebound.
10:41 of 1st period - Paul Ladue is hit by Steven Stamkos and loses puck.
11:36 of 1st period - Snap shot by Nikita Kucherov.
11:36 of 1st period - Stopped by Cory Schneider with a rebound.
11:38 of 1st period - Snap shot by Jason Zucker.
11:38 of 1st period - Shot Misses the Net.
11:40 of 1st period - Slapshot by Jake McCabe.
11:40 of 1st period - Stopped by Cory Schneider with a rebound.
11:42 of 1st period - Slapshot by Steven Stamkos.
11:42 of 1st period - Stopped by Cory Schneider with a rebound.
11:44 of 1st period - Slapshot by Danny DeKeiser.
11:44 of 1st period - Deflect By Steven Stamkos.
11:44 of 1st period - Stopped by Cory Schneider with a rebound.
11:46 of 1st period - Wrist shot by Jason Zucker.
11:46 of 1st period - Stopped by Cory Schneider with a rebound.
11:48 of 1st period - Slapshot by Jake McCabe.
11:48 of 1st period - Stopped by Cory Schneider without a rebound.
11:49 of 1st period - Gilbert Brule wins face-off versus Antoine Vermette in Stars zone.
11:59 of 1st period - Minor Penalty to Brian Lee for Tripping.
12:00 of 1st period - John Tavares wins face-off versus Gilbert Brule in Stars zone.
12:04 of 1st period - Gilbert Brule is hit by Guillaume Latendresse.
13:34 of 1st period - Alexander Frolov is hit by Jeff Tambellini and loses puck.
13:59 of 1st period - Penalty to Brian Lee is over, Brian Lee is back on ice.
14:40 of 1st period - Minor Penalty to B.J. Crombeen for Hooking.
14:41 of 1st period - Steven Stamkos wins face-off versus John Tavares in Stars zone.
15:10 of 1st period - Slapshot by Teuvo Teravainen.
15:10 of 1st period - Goal by Teuvo Teravainen - Stars : 0 - Penguins : 1.
15:11 of 1st period - Antoine Vermette wins face-off versus Teuvo Teravainen in neutral zone.
15:18 of 1st period - Slapshot by Sean Zimmerman.
15:18 of 1st period - Shot Blocked by Antoine Vermette.
16:28 of 1st period - Snap shot by Jeff Skinner.
16:28 of 1st period - Stopped by Cory Schneider without a rebound.
16:29 of 1st period - Cory Emmerton wins face-off versus Jean-Gabriel Pageau in Stars zone.
16:56 of 1st period - Brian Lee is hit by Jason Zucker and loses puck.
17:09 of 1st period - Snap shot by Steven Stamkos.
17:09 of 1st period - Stopped by Cory Schneider with a rebound.
18:08 of 1st period - Minor Penalty to Cory Emmerton for Hooking.
18:09 of 1st period - John Tavares wins face-off versus Steven Stamkos in Stars zone.
18:23 of 1st period - Snap shot by Steven Stamkos.
18:23 of 1st period - Shot Blocked by Boris Valabik.
18:25 of 1st period - Wrist shot by Nikita Kucherov.
18:25 of 1st period - Shot Misses the Net.
18:46 of 1st period - Off-side.
18:47 of 1st period - Steven Stamkos wins face-off versus John Tavares in neutral zone.
18:50 of 1st period - Brian Lee is hit by Nikita Kucherov and loses puck.
19:03 of 1st period - Snap shot by Nikita Kucherov.
19:03 of 1st period - Shot Misses the Net.
Goals for this period are 0 for Stars vs 1 for Penguins.
Shots for this period are 8 for Stars vs 14 for Penguins.

2nd period


0:01 of 2nd period - Steven Stamkos wins face-off versus John Tavares in neutral zone.
0:08 of 2nd period - Penalty to Cory Emmerton is over, Cory Emmerton is back on ice.
0:10 of 2nd period - Wrist shot by Steven Stamkos.
0:10 of 2nd period - Stopped by Cory Schneider without a rebound.
0:11 of 2nd period - Steven Stamkos wins face-off versus Antoine Vermette in Stars zone.
0:31 of 2nd period - Antoine Vermette is hit by Jason Zucker and loses puck.
1:05 of 2nd period - Alexander Frolov is hit by Marcus Foligno and loses puck.
1:30 of 2nd period - Snap shot by Joe Colborne.
1:30 of 2nd period - Stopped by Cory Schneider with a rebound.
1:32 of 2nd period - Slapshot by Cal Clutterbuck.
1:32 of 2nd period - Stopped by Cory Schneider with a rebound.
1:34 of 2nd period - Slapshot by Shea Weber.
1:34 of 2nd period - Stopped by Cory Schneider without a rebound.
1:35 of 2nd period - Steven Stamkos wins face-off versus Antoine Vermette in Stars zone.
1:42 of 2nd period - Wrist shot by Steven Stamkos.
1:42 of 2nd period - Goal by Steven Stamkos - Stars : 0 - Penguins : 2.
1:43 of 2nd period - John Tavares wins face-off versus Jason Zucker in neutral zone.
2:00 of 2nd period - Wrist shot by John Tavares.
2:00 of 2nd period - Stopped by Sergei Bobrovsky with a rebound.
2:17 of 2nd period - Slapshot by Jussi Jokinen.
2:17 of 2nd period - Shot Misses the Net.
2:19 of 2nd period - Minor Penalty to Gilbert Brule for Roughing.
2:20 of 2nd period - John Tavares wins face-off versus Steven Stamkos in Penguins zone.
2:33 of 2nd period - Snap shot by John Tavares.
2:33 of 2nd period - Shot Blocked by Andrew Cogliano.
2:53 of 2nd period - Off-side.
2:54 of 2nd period - John Tavares wins face-off versus Steven Stamkos in neutral zone.
3:20 of 2nd period - Shane O'Brien is hit by Shea Weber and loses puck.
3:52 of 2nd period - Slapshot by Ian White.
3:52 of 2nd period - Shot Blocked by Sean Zimmerman.
4:19 of 2nd period - Penalty to Gilbert Brule is over, Gilbert Brule is back on ice.
5:06 of 2nd period - Teuvo Teravainen is hit by Cory Emmerton and loses puck.
5:17 of 2nd period - Jake McCabe is hit by Antoine Vermette and loses puck.
5:43 of 2nd period - Minor Penalty to Marcus Foligno for Boarding.
5:44 of 2nd period - John Tavares wins face-off versus Steven Stamkos in Penguins zone.
5:49 of 2nd period - Snap shot by Brian Lee.
5:49 of 2nd period - Shot Blocked by Jeff Schultz.
5:51 of 2nd period - Snap shot by Guillaume Latendresse.
5:51 of 2nd period - Goal by Guillaume Latendresse - Stars : 1 - Penguins : 2.
5:52 of 2nd period - John Tavares wins face-off versus Steven Stamkos in neutral zone.
5:55 of 2nd period - Slapshot by Ian White.
5:55 of 2nd period - Stopped by Sergei Bobrovsky with a rebound.
6:20 of 2nd period - Brian Lee is hit by Sean Zimmerman and loses puck.
7:09 of 2nd period - Brian Lee is hit by Marcus Foligno and loses puck.
8:13 of 2nd period - Icing by Boris Valabik.
8:14 of 2nd period - Steven Stamkos wins face-off versus Alex Chiasson in Stars zone.
8:19 of 2nd period - Snap shot by Jason Zucker.
8:19 of 2nd period - Shot Blocked by Jussi Jokinen.
8:25 of 2nd period - Snap shot by Alex Chiasson.
8:25 of 2nd period - Shot Misses the Net.
8:29 of 2nd period - Slapshot by Alex Chiasson.
8:29 of 2nd period - Shot Misses the Net.
8:31 of 2nd period - Slapshot by Shane O'Brien.
8:31 of 2nd period - Stopped by Sergei Bobrovsky without a rebound.
8:32 of 2nd period - Teuvo Teravainen wins face-off versus John Tavares in Penguins zone.
8:43 of 2nd period - Snap shot by John Tavares.
8:43 of 2nd period - Shot Misses the Net.
8:45 of 2nd period - Snap shot by Guillaume Latendresse.
8:45 of 2nd period - Stopped by Sergei Bobrovsky with a rebound.
8:47 of 2nd period - Snap shot by Guillaume Latendresse.
8:47 of 2nd period - Shot Blocked by Shea Weber.
8:49 of 2nd period - Snap shot by John Tavares.
8:49 of 2nd period - Shot Blocked by Gilbert Brule.
9:15 of 2nd period - Shea Weber is hit by Antoine Vermette and loses puck.
9:28 of 2nd period - Snap shot by Cam Atkinson.
9:28 of 2nd period - Stopped by Sergei Bobrovsky without a rebound.
9:29 of 2nd period - Joe Colborne wins face-off versus Evgeny Grachev in Penguins zone.
9:55 of 2nd period - Michael Grabner is hit by Jake McCabe and loses puck.
10:02 of 2nd period - Snap shot by John Tavares.
10:02 of 2nd period - Shot Misses the Net.
10:04 of 2nd period - Snap shot by Paul Ladue.
10:04 of 2nd period - Shot Blocked by Jake McCabe.
11:05 of 2nd period - Wrist shot by John Tavares.
11:05 of 2nd period - Shot Misses the Net.
11:07 of 2nd period - Slapshot by Shane O'Brien.
11:07 of 2nd period - Shot Blocked by Jake McCabe.
11:09 of 2nd period - Snap shot by John Tavares.
11:09 of 2nd period - Shot Misses the Net.
11:29 of 2nd period - Wrist shot by Cal Clutterbuck.
11:29 of 2nd period - Stopped by Cory Schneider with a rebound.
11:31 of 2nd period - Slapshot by Joe Colborne.
11:31 of 2nd period - Shot Blocked by Ian White.
11:33 of 2nd period - Snap shot by Cal Clutterbuck.
11:33 of 2nd period - Shot Blocked by Evgeny Grachev.
12:20 of 2nd period - Wrist shot by Alex Chiasson.
12:20 of 2nd period - Shot Misses the Net.
12:22 of 2nd period - Slapshot by Alex Chiasson.
12:22 of 2nd period - Stopped by Sergei Bobrovsky with a rebound.
12:24 of 2nd period - Slapshot by Brian Lee.
12:24 of 2nd period - Shot Misses the Net.
12:26 of 2nd period - Snap shot by Alex Chiasson.
12:26 of 2nd period - Stopped by Sergei Bobrovsky without a rebound.
12:27 of 2nd period - John Tavares wins face-off versus Steven Stamkos in Penguins zone.
12:59 of 2nd period - Wrist shot by Jean-Gabriel Pageau.
12:59 of 2nd period - Shot Misses the Net.
13:00 of 2nd period - Minor Penalty to Keith Aulie for Interference.
13:01 of 2nd period - John Tavares wins face-off versus Steven Stamkos in Penguins zone.
13:04 of 2nd period - Snap shot by Guillaume Latendresse.
13:04 of 2nd period - Goal by Guillaume Latendresse - Stars : 2 - Penguins : 2.
13:05 of 2nd period - John Tavares wins face-off versus Steven Stamkos in neutral zone.
14:00 of 2nd period - Wrist shot by Joe Colborne.
14:00 of 2nd period - Stopped by Cory Schneider with a rebound.
14:02 of 2nd period - Slapshot by Keith Aulie.
14:02 of 2nd period - Stopped by Cory Schneider without a rebound.
14:03 of 2nd period - Cal Clutterbuck wins face-off versus John Tavares in Stars zone.
15:16 of 2nd period - Off-side.
15:17 of 2nd period - Teuvo Teravainen wins face-off versus Michael Grabner in neutral zone.
15:20 of 2nd period - Slapshot by Shea Weber.
15:20 of 2nd period - Stopped by Cory Schneider without a rebound.
15:21 of 2nd period - John Tavares wins face-off versus Steven Stamkos in Stars zone.
15:38 of 2nd period - Snap shot by John Tavares.
15:38 of 2nd period - Shot Misses the Net.
15:54 of 2nd period - Snap shot by Gilbert Brule.
15:54 of 2nd period - Stopped by Cory Schneider with a rebound.
15:56 of 2nd period - Wrist shot by Teuvo Teravainen.
15:56 of 2nd period - Shot Misses the Net.
16:06 of 2nd period - Minor Penalty to Antoine Vermette for Roughing.
16:07 of 2nd period - Steven Stamkos wins face-off versus John Tavares in Stars zone.
16:38 of 2nd period - Shane O'Brien is hit by Teuvo Teravainen and loses puck.
17:02 of 2nd period - Off-side.
17:03 of 2nd period - Gilbert Brule wins face-off versus Jussi Jokinen in neutral zone.
17:05 of 2nd period - Off-side.
17:06 of 2nd period - Jussi Jokinen wins face-off versus Gilbert Brule in neutral zone.
17:14 of 2nd period - Slapshot by Sean Zimmerman.
17:14 of 2nd period - Deflect By Brian Lee.
17:14 of 2nd period - Stopped by Cory Schneider with a rebound.
18:06 of 2nd period - Penalty to Antoine Vermette is over, Antoine Vermette is back on ice.
18:18 of 2nd period - Wrist shot by Alexander Frolov.
18:18 of 2nd period - Deflect By Cory Emmerton.
18:18 of 2nd period - Shot Hit the Post.
18:18 of 2nd period - Puck is out of play.
18:19 of 2nd period - Cory Emmerton wins face-off versus Jean-Gabriel Pageau in Penguins zone.
18:20 of 2nd period - Wrist shot by B.J. Crombeen.
18:20 of 2nd period - Stopped by Sergei Bobrovsky with a rebound.
18:22 of 2nd period - Wrist shot by B.J. Crombeen.
18:22 of 2nd period - Deflect By Alexander Frolov.
18:22 of 2nd period - Shot Misses the Net.
18:22 of 2nd period - Puck is out of play.
18:23 of 2nd period - Nikita Kucherov wins face-off versus Cory Emmerton in Penguins zone.
19:17 of 2nd period - Wrist shot by Alex Chiasson.
19:17 of 2nd period - Shot Misses the Net.
19:19 of 2nd period - Snap shot by Jussi Jokinen.
19:19 of 2nd period - Deflect By Antoine Vermette.
19:19 of 2nd period - Stopped by Sergei Bobrovsky without a rebound.
19:20 of 2nd period - Antoine Vermette wins face-off versus Steven Stamkos in Penguins zone.
19:39 of 2nd period - Ian White is hit by Nikita Kucherov and loses puck.
19:52 of 2nd period - Slapshot by Brian Lee.
19:52 of 2nd period - Shot Blocked by Gilbert Brule.
19:54 of 2nd period - Snap shot by Michael Grabner.
19:54 of 2nd period - Shot Misses the Net.
19:56 of 2nd period - Slapshot by Ian White.
19:56 of 2nd period - Stopped by Sergei Bobrovsky without a rebound.
19:57 of 2nd period - Gilbert Brule wins face-off versus John Tavares in Penguins zone.
Goals for this period are 2 for Stars vs 1 for Penguins.
Shots for this period are 12 for Stars vs 11 for Penguins.

3rd period


0:01 of 3rd period - Jason Zucker wins face-off versus John Tavares in neutral zone.
0:15 of 3rd period - Wrist shot by Nikita Kucherov.
0:15 of 3rd period - Stopped by Cory Schneider with a rebound.
0:17 of 3rd period - Wrist shot by Nikita Kucherov.
0:17 of 3rd period - Shot Blocked by Ian White.
0:54 of 3rd period - Wrist shot by Joe Colborne.
0:54 of 3rd period - Shot Misses the Net.
1:12 of 3rd period - Wrist shot by Evgeny Grachev.
1:12 of 3rd period - Shot Misses the Net.
1:58 of 3rd period - Slapshot by Jussi Jokinen.
1:58 of 3rd period - Deflect By Alex Chiasson.
1:58 of 3rd period - Shot Misses the Net.
1:58 of 3rd period - Puck is out of play.
1:59 of 3rd period - Joe Colborne wins face-off versus Antoine Vermette in Penguins zone.
2:14 of 3rd period - Snap shot by Cal Clutterbuck.
2:14 of 3rd period - Deflect By Alex Chiasson.
2:14 of 3rd period - Stopped by Cory Schneider without a rebound.
2:15 of 3rd period - John Tavares wins face-off versus Steven Stamkos in Stars zone.
2:41 of 3rd period - Teuvo Teravainen is hit by Boris Valabik and loses puck.
2:53 of 3rd period - Snap shot by Gilbert Brule.
2:53 of 3rd period - Stopped by Cory Schneider without a rebound.
2:54 of 3rd period - John Tavares wins face-off versus Jason Zucker in Stars zone.
3:42 of 3rd period - Icing by Jeff Schultz.
3:43 of 3rd period - Cory Emmerton wins face-off versus Gilbert Brule in Penguins zone.
4:00 of 3rd period - Wrist shot by Guillaume Latendresse.
4:00 of 3rd period - Shot Misses the Net.
5:06 of 3rd period - Slapshot by Joe Colborne.
5:06 of 3rd period - Deflect By Cal Clutterbuck.
5:06 of 3rd period - Shot Blocked by Antoine Vermette.
5:06 of 3rd period - Puck is out of play.
5:07 of 3rd period - Steven Stamkos wins face-off versus John Tavares in Stars zone.
5:12 of 3rd period - Slapshot by Steven Stamkos.
5:12 of 3rd period - Shot Misses the Net.
5:14 of 3rd period - Wrist shot by Jason Zucker.
5:14 of 3rd period - Shot Blocked by Tyson Barrie.
5:16 of 3rd period - Snap shot by Steven Stamkos.
5:16 of 3rd period - Shot Misses the Net.
5:18 of 3rd period - Wrist shot by Nikita Kucherov.
5:18 of 3rd period - Shot Blocked by Paul Ladue.
5:20 of 3rd period - Slapshot by Shea Weber.
5:20 of 3rd period - Stopped by Cory Schneider without a rebound.
5:21 of 3rd period - Steven Stamkos wins face-off versus Guillaume Latendresse in Stars zone.
5:35 of 3rd period - Icing by John Tavares.
5:36 of 3rd period - Gilbert Brule wins face-off versus John Tavares in Stars zone.
5:49 of 3rd period - Snap shot by John Tavares.
5:49 of 3rd period - Shot Blocked by Shea Weber.
6:27 of 3rd period - Snap shot by Andrew Cogliano.
6:27 of 3rd period - Shot Blocked by Ian White.
6:29 of 3rd period - Snap shot by Teuvo Teravainen.
6:29 of 3rd period - Stopped by Cory Schneider without a rebound.
6:30 of 3rd period - Antoine Vermette wins face-off versus Steven Stamkos in Stars zone.
6:32 of 3rd period - Minor Penalty to Jussi Jokinen for Roughing.
6:33 of 3rd period - John Tavares wins face-off versus Steven Stamkos in Stars zone.
6:53 of 3rd period - Ian White is hit by Keith Aulie and loses puck.
7:08 of 3rd period - Snap shot by Keith Aulie.
7:08 of 3rd period - Shot Blocked by Brian Lee.
8:32 of 3rd period - Penalty to Jussi Jokinen is over, Jussi Jokinen is back on ice.
8:32 of 3rd period - Alexander Frolov is hit by Jean-Gabriel Pageau and loses puck.
8:37 of 3rd period - Snap shot by Jeff Tambellini.
8:37 of 3rd period - Shot Misses the Net.
8:39 of 3rd period - Wrist shot by Jean-Gabriel Pageau.
8:39 of 3rd period - Shot Misses the Net.
8:41 of 3rd period - Wrist shot by Jean-Gabriel Pageau.
8:41 of 3rd period - Deflect By Jussi Jokinen.
8:41 of 3rd period - Stopped by Cory Schneider with a rebound.
8:47 of 3rd period - Danny DeKeiser is hit by Boris Valabik and loses puck.
9:04 of 3rd period - Snap shot by Evgeny Grachev.
9:04 of 3rd period - Shot Misses the Net.
9:06 of 3rd period - Slapshot by Shane O'Brien.
9:06 of 3rd period - Shot Blocked by Danny DeKeiser.
9:08 of 3rd period - Wrist shot by Jussi Jokinen.
9:08 of 3rd period - Shot Misses the Net.
9:10 of 3rd period - Snap shot by Jussi Jokinen.
9:10 of 3rd period - Shot Misses the Net.
9:12 of 3rd period - Slapshot by Shane O'Brien.
9:12 of 3rd period - Stopped by Sergei Bobrovsky without a rebound.
9:13 of 3rd period - Jason Zucker wins face-off versus John Tavares in Penguins zone.
9:18 of 3rd period - Wrist shot by Nikita Kucherov.
9:18 of 3rd period - Stopped by Cory Schneider with a rebound.
9:20 of 3rd period - Wrist shot by Shea Weber.
9:20 of 3rd period - Stopped by Cory Schneider with a rebound.
10:31 of 3rd period - Slapshot by Guillaume Latendresse.
10:31 of 3rd period - Shot Misses the Net.
11:05 of 3rd period - Brian Lee is hit by Cal Clutterbuck and loses puck.
11:16 of 3rd period - Slapshot by Ian White.
11:16 of 3rd period - Stopped by Sergei Bobrovsky without a rebound.
11:17 of 3rd period - Antoine Vermette wins face-off versus Teuvo Teravainen in Penguins zone.
11:20 of 3rd period - Wrist shot by Antoine Vermette.
11:20 of 3rd period - Shot Misses the Net.
11:26 of 3rd period - Wrist shot by Andrew Cogliano.
11:26 of 3rd period - Stopped by Cory Schneider with a rebound.
11:28 of 3rd period - Snap shot by Andrew Cogliano.
11:28 of 3rd period - Shot Misses the Net.
11:30 of 3rd period - Snap shot by Gilbert Brule.
11:30 of 3rd period - Stopped by Cory Schneider with a rebound.
11:53 of 3rd period - Slapshot by Steven Stamkos.
11:53 of 3rd period - Stopped by Cory Schneider without a rebound.
11:54 of 3rd period - Cory Emmerton wins face-off versus Steven Stamkos in Stars zone.
12:21 of 3rd period - Cory Emmerton is hit by Marcus Foligno.
12:25 of 3rd period - Marcus Foligno is hit by Ian White and loses puck.
12:39 of 3rd period - Wrist shot by Cory Emmerton.
12:39 of 3rd period - Stopped by Sergei Bobrovsky with a rebound.
12:48 of 3rd period - Minor Penalty to Jean-Gabriel Pageau for Diving.
12:49 of 3rd period - Antoine Vermette wins face-off versus Steven Stamkos in Penguins zone.
14:48 of 3rd period - Penalty to Jean-Gabriel Pageau is over, Jean-Gabriel Pageau is back on ice.
15:20 of 3rd period - Wrist shot by Jean-Gabriel Pageau.
15:20 of 3rd period - Deflect By Jeff Tambellini.
15:20 of 3rd period - Shot Misses the Net.
15:20 of 3rd period - Puck is out of play.
15:21 of 3rd period - Gilbert Brule wins face-off versus Cory Emmerton in Stars zone.
15:25 of 3rd period - Double Minor Penalty to Alexander Frolov for Roughing.
15:26 of 3rd period - John Tavares wins face-off versus Gilbert Brule in Stars zone.
15:34 of 3rd period - Teuvo Teravainen is hit by Ian White and loses puck.
17:26 of 3rd period - Brian Lee is hit by Steven Stamkos.
18:20 of 3rd period - Wrist shot by Antoine Vermette.
18:20 of 3rd period - Stopped by Sergei Bobrovsky without a rebound.
18:21 of 3rd period - John Tavares wins face-off versus Jason Zucker in Penguins zone.
19:25 of 3rd period - Penalty to Alexander Frolov is over, Alexander Frolov is back on ice.
Goals for this period are 0 for Stars vs 0 for Penguins.
Shots for this period are 4 for Stars vs 11 for Penguins.

Overtime #1


0:01 of 1st overtime period - Steven Stamkos wins face-off versus John Tavares in neutral zone.
0:04 of 1st overtime period - Slapshot by Sean Zimmerman.
0:04 of 1st overtime period - Stopped by Cory Schneider with a rebound.
0:06 of 1st overtime period - Snap shot by Nikita Kucherov.
0:06 of 1st overtime period - Stopped by Cory Schneider without a rebound.
0:07 of 1st overtime period - Steven Stamkos wins face-off versus John Tavares in Stars zone.
0:24 of 1st overtime period - Wrist shot by Nikita Kucherov.
0:24 of 1st overtime period - Shot Misses the Net.
0:26 of 1st overtime period - Slapshot by Sean Zimmerman.
0:26 of 1st overtime period - Shot Blocked by Ian White.
0:52 of 1st overtime period - Wrist shot by Guillaume Latendresse.
0:52 of 1st overtime period - Stopped by Sergei Bobrovsky without a rebound.
0:53 of 1st overtime period - Steven Stamkos wins face-off versus John Tavares in Penguins zone.
2:18 of 1st overtime period - Shane O'Brien is hit by Jean-Gabriel Pageau and loses puck.
3:34 of 1st overtime period - Wrist shot by Alexander Frolov.
3:34 of 1st overtime period - Shot Misses the Net.
3:40 of 1st overtime period - Evgeny Grachev is hit by Jeff Schultz and loses puck.
3:48 of 1st overtime period - Icing by Alexander Frolov.
3:49 of 1st overtime period - Steven Stamkos wins face-off versus John Tavares in Stars zone.
4:40 of 1st overtime period - Gilbert Brule is hit by Shane O'Brien and loses puck.
Goals for this period are 0 for Stars vs 0 for Penguins.
Shots for this period are 1 for Stars vs 2 for Penguins.

ShootOut


5:00 of 1st overtime period - Round #1.
5:00 of 1st overtime period - Stars, John Tavares.
5:00 of 1st overtime period - Deke by John Tavares.
5:00 of 1st overtime period - Shot Misses the Net.
5:00 of 1st overtime period - Penguins, Nikita Kucherov.
5:00 of 1st overtime period - Wrist shot by Nikita Kucherov.
5:00 of 1st overtime period - Stopped by Cory Schneider.
5:00 of 1st overtime period - Round #2.
5:00 of 1st overtime period - Stars, Guillaume Latendresse.
5:00 of 1st overtime period - Snap shot by Guillaume Latendresse.
5:00 of 1st overtime period - Goal by Guillaume Latendresse.
5:00 of 1st overtime period - Penguins, Steven Stamkos.
5:00 of 1st overtime period - Wrist shot by Steven Stamkos.
5:00 of 1st overtime period - Shot Misses the Net.
5:00 of 1st overtime period - Round #3.
5:00 of 1st overtime period - Stars, Jussi Jokinen.
5:00 of 1st overtime period - Deke by Jussi Jokinen.
5:00 of 1st overtime period - Stopped by Sergei Bobrovsky.
5:00 of 1st overtime period - Penguins, Andrew Cogliano.
5:00 of 1st overtime period - Deke by Andrew Cogliano.
5:00 of 1st overtime period - Stopped by Cory Schneider.